[Event "Early-Titled-Tuesday-Blitz-September-26-2023"]
[Site "Chess.com"]
[Date "2023.09.26"]
[Round "3"]
[White "Emp3rador"]
[Black "Igrok3069"]
[Result "0-1"]
[WhiteElo "2521"]
[BlackElo "2871"]
[TimeControl "180+1"]
[EndTime "8:29:22 PDT"]
[Termination "Igrok3069 won by resignation"]

1. e4 c5 2. Nf3 e6 3. d4 cxd4 4. Nxd4 Nf6 5. Nc3 Nc6 6. Ndb5 Bc5 7. Bf4 O-O 8. Bd6 Qb6 9. Bxc5 Qxc5 10. Qd6 Qg5 11. Qg3 Qxg3 12. hxg3 a6 13. Nd6 Ne8 14. O-O-O Nxd6 15. Rxd6 b5 16. Be2 Ra7 17. f4 Rc7 18.
Rhd1 f6 19. a3 Kf7 20. Kb1 Ke7 21. a4 b4 22. Na2 Bb7 23. Nc1 Rfc8 24. Nb3 Nb8 25.
R1d2 Bxe4 26. Rb6 Rxc2 27. Rxc2 Bxc2+ 28. Ka2 Bxb3+ 29. Kxb3 a5 30. Bb5 Rc7 31. Rxb8 Ra7 32. Rb6 d5 33. Ra6 Rxa6 34. Bxa6 Kd6 35. Kc2 e5 36.
Kd3 Kc5 37. Ke3 g6 38. Bc8 Kc4 39. fxe5 fxe5 40. Be6 h6 41. g4 g5 42. g3 Kb3 43.
Bxd5+ Kxb2 44. Ke4 b3 45. Kxe5 Ka3 46. Kf6 b2 47.
Be4 Kxa4 48. Kg6 Kb3 49. Kxh6 a4 50. Kxg5 a3 51. Bd5+ Kc2 52. Ba2 b1=Q 53. Bxb1+ Kxb1 54. Kf6 a2 55. g5 a1=Q+ 56. Kf7 Qa2+ 57. Kg7 Qa7+ 58.
Kh6 Qe3 0-1

[Event "Early-Titled-Tuesday-Blitz-September-26-2023"]
[Site "Chess.com"]
[Date "2023.09.26"]
[Round "3"]
[White "Arteler"]
[Black "MidnightFox"]
[Result "1/2-1/2"]
[WhiteElo "2591"]
[BlackElo "2373"]
[TimeControl "180+1"]
[EndTime "8:29:22 PDT"]
[Termination "Game drawn by repetition"]

1. e4 c5 2. Nf3 d6 3. Bb5+ Nd7 4. O-O Nf6 5. Re1 a6 6. Bf1 e6 7. c3 Be7 8. d4 O-O 9. h3 b5 10. g3 Bb7 11. Nbd2 Rc8 12. Bg2 Qb6 13. e5 dxe5 14.
dxe5 Nd5 15. Ne4 h6 16. Bd2 Rfd8 17. Qe2 Nf8 18. h4 Rd7 19. h5 Rcd8 20. Nh2 Nc7 21. Be3 Nd5 22. Bd2 Nc7 23. Nf1 Nh7 24. Be3 Nd5 25.
Qg4 Nxe3 26. Nxe3 Qc7 27. Qf4 Ng5 28. Ng4 Nxe4 29. Bxe4 Bg5 30. Qf3 Bxe4 31. Qxe4 Rd2 32. b3 Qd7 33. a4 Qd3 34. axb5 axb5 35. Qc6 Qxc3 36. Nh2 Qd4 37. Rf1 Qxe5 38. Qxb5 R2d3 39. Qc6 Rxb3 40. Rad1 Rbd3 41. Rxd3 Rxd3 42. Qe8+ Kh7 43. Qxf7 Qf5 44. Qc7 Rc3 45. Qc6 Rc2 46. Kg2 Bf6 47.
Nf3 Rc3 48. Re1 Bd4 49. Rxe6 Rxf3 50. Rxh6+ gxh6 51. Qxf3 Qxf3+ 52. Kxf3 Kg7 53. Ke2 Kf6 54. f4 Kf5 55. Kf3 c4 56. g4+ Kf6 57. Ke4 Bb2 58. Ke3 c3 59. Kd3 Ke6 60. g5 hxg5 61. fxg5 Kf5 62. g6 Kf6 63. Kc2 Kg7 64. Kd3 Kh6 65.
Kc2 Kg7 66. Kd3 Kh6 67. Ke2 Kg7 68. Kd3 1/2-1/2

[Event "Early-Titled-Tuesday-Blitz-September-26-2023"]
[Site "Chess.com"]
[Date "2023.09.26"]
[Round "3"]
[White "TimofeevAr"]
[Black "vladgoncharov"]
[Result "1-0"]
[WhiteElo "2871"]
[BlackElo "2523"]
[TimeControl "180+1"]
[EndTime "8:29:23 PDT"]
[Termination "TimofeevAr won by resignation"]

1. c4 Nf6 2. Nc3 c5 3. Nf3 e6 4. e4 d5 5. e5 Ne4 6. Bd3 Nxc3 7. dxc3 Nc6 8. O-O Be7 9. Bf4 dxc4 10. Bxc4 Qxd1 11.
Rfxd1 Bd7 12. Nd2 f5 13. exf6 gxf6 14. Ne4 e5 15. Be3 b6 16. Ba6 Rd8 17. Rd2 Bf5 18.
f3 Bxe4 19. fxe4 Rxd2 20. Bxd2 Bd6 21. Be3 Ke7 22. Rf1 Nd8 23. g3 h5 24. h4 Ne6 25. Kf2 Ng7 26. Ke2 Ne8 27. a4 Nc7 28.
Bd3 a6 29. b3 Rg8 30. Bf2 Ra8 31.
Kf3 b5 32. a5 Rg8 33. Rg1 Ne6 34. g4 hxg4+ 35. Rxg4 Rh8 36. Bf1 Bc7 37. b4 cxb4 38.
cxb4 Bd6 39. Bb6 Bxb4 40. Bd3 Be1 41. Bf2 Bxf2 42. Kxf2 Nf4 43. Bc2 Kd6 44. Bb3 Kc5 45. Ke3 Kb4 46. Bd5 Rxh4 47. Rxh4 Ng2+ 48. Kf3 Nxh4+ 49.
Kg4 Ng2 50. Kf5 Kxa5 51. Kxf6 Kb4 52. Kxe5 a5 53. Kd6 Ne3 54. e5 a4 55. e6 Kc3 56.
Be4 Nc4+ 57. Kc7 Nd2 58. e7 Nxe4 59. e8=Q Nc5 60. Qxb5 Nd3 61. Qxa4 1-0

[Event "Early-Titled-Tuesday-Blitz-September-26-2023"]
[Site "Chess.com"]
[Date "2023.09.26"]
[Round "3"]
[White "Alenzer"]
[Black "Me_ch_an"]
[Result "1-0"]
[WhiteElo "2107"]
[BlackElo "2341"]
[TimeControl "180+1"]
[EndTime "8:29:23 PDT"]
[Termination "Alenzer won on time"]

1. e4 c5 2. Nf3 Nc6 3. d4 cxd4 4. Nxd4 Qb6 5. Nb3 Nf6 6. Be3 Qc7 7. Nc3 e6 8. Bd3 a6 9. O-O b5 10. f4 d6 11. a4 b4 12. Ne2 Bb7 13. Qe1 Be7 14. Qg3 O-O 15. a5 Rfe8 16. Bb6 Qb8 17. Nbd4 Bf8 18.
Rae1 Nd7 19. Nxc6 Bxc6 20. Bd4 e5 21. Be3 Bb5 22. f5 Bxd3 23. cxd3 f6 24. Rc1 Qb5 25. Rc7 Rac8 26. Rfc1 Nc5 27. Rxc8 Rxc8 28. Bxc5 Rxc5 29.
Rxc5 dxc5 30. Qe3 Qxa5 31. b3 Qa1+ 32. Kf2 Qb1 33. Nc1 Qc2+ 34. Kg3 a5 35. h4 a4 36.
bxa4 Qxa4 37. Qd2 Qa1 38. Qc2 Qd4 39. Qb3+ Kh8 40. Kf3 Qd7 41. Ne2 g6 42. g4 Kg7 43.
Qc4 Qb7 44. Nc1 Qa7 45. Nb3 h5 46. g5 fxg5 47. hxg5 gxf5 48. exf5 Qb7+ 49. Kg3 Qc7 50.
Qe6 e4+ 51. Kh3 exd3 52. f6+ Kh7 53. Qf5+ Kh8 54. f7 1-0

[Event "Early-Titled-Tuesday-Blitz-September-26-2023"]
[Site "Chess.com"]
[Date "2023.09.26"]
[Round "3"]
[White "Chessbard1972"]
[Black "borocotoajua"]
[Result "1/2-1/2"]
[WhiteElo "2376"]
[BlackElo "2600"]
[TimeControl "180+1"]
[EndTime "8:29:33 PDT"]
[Termination "Game drawn by stalemate"]

1. e4 c6 2. Nf3 d5 3. Nc3 Bg4 4.
h3 Bxf3 5. Qxf3 e6 6. Qg3 d4 7.
Nb1 Nd7 8. Bc4 Ne7 9. O-O b5 10. Bb3 Nc5 11. d3 Ng6 12. f4 Nxb3 13. axb3 Bd6 14.
e5 Bc7 15. Nd2 f5 16. Nf3 c5 17. Bd2 O-O 18. Kh1 Qd5 19. Ba5 Bb6 20. Bxb6 axb6 21.
Ng5 Ne7 22. Qf3 h6 23. Qxd5 exd5 24. Ne6 Rfc8 25. Rxa8 Rxa8 26. Nc7 Ra2 27. Nxb5 Rxb2 28. Rc1 Nc6 29. Nc7 Nb4 30. Ra1 Rxc2 31. Ra7 c4 32. bxc4 dxc4 33. e6 Re2 34. Ra8+ Kh7 35. dxc4 d3 36. Rd8 d2 37. Kh2 Nc2 38. Nb5 Ne3 39.
Nc3 Rxg2+ 40. Kh1 Rg6 41. e7 Re6 42. e8=Q Rxe8 43. Rxe8 d1=Q+ 44. Nxd1 Nxd1 45. Re6 Nf2+ 46. Kg2 Nd3 47. Kf3 Nb2 48. Rc6 Na4 49. Ke3 Kg8 50.
Kd3 Kf7 51. Kd4 g5 52. Ke5 g4 53. Kxf5 g3 54. Rd6 Nc5 55. Rd1 h5 56. Kg5 Ne4+ 57. Kxh5 Nf2 58. Rg1 Nxh3 59. Kg4 Nxf4 60. Rxg3 Ke6 61. Rb3 Ng6 62. Rxb6+ Kf7 63. Rxg6 Kxg6 64.
Kf4 Kf6 65. Ke4 Ke6 66. c5 Kd7 67. Kd5 Kc7 68. c6 Kc8 69. Kc5 Kc7 70. Kb5 Kc8 71.
Kb6 Kb8 72. c7+ Kc8 73. Kc6 1/2-1/2

[Event "Early-Titled-Tuesday-Blitz-September-26-2023"]
[Site "Chess.com"]
[Date "2023.09.26"]
[Round "3"]
[White "Lion-Al-Messi"]
[Black "Levanzovsky"]
[Result "0-1"]
[WhiteElo "2666"]
[BlackElo "2485"]
[TimeControl "180+1"]
[EndTime "8:29:34 PDT"]
[Termination "Levanzovsky won by resignation"]

1. e4 c5 2. Nf3 d6 3. d4 cxd4 4. Nxd4 Nf6 5. Nc3 a6 6. h3 Nc6 7.
Be3 Qc7 8. g4 Nxd4 9. Qxd4 e5 10. Qd2 Be6 11. g5 Nd7 12. O-O-O Rc8 13. h4 Be7 14. Nd5 Bxd5 15. exd5 Nb6 16. Kb1 O-O 17. h5 Nc4 18. Bxc4 Qxc4 19. g6 fxg6 20. hxg6 hxg6 21.
Rdg1 Qe4 22. Rh2 Rc4 23. Rhg2 Rfc8 24. Qd3 Qxd3 25. cxd3 R4c7 26. Rxg6 Bf8 27. a3 Rf7 28. R6g4 Be7 29. Rh1 Bd8 30. Rb4 b5 31. a4 Ba5 32.
Rbh4 Rff8 33. Rh8+ Kf7 34. R8h7 Bd8 35. f4 Bf6 36. fxe5 Bxe5 37. Rf1+ Bf6 38. Bf4 Rfd8 39. a5 b4 40. Be3 b3 41. Bd4 Kg8 42. Bxf6 Kxh7 43.
Bxd8 Rxd8 44. Rf4 Re8 45. Kc1 Re2 46. Rb4 g5 47. Rxb3 g4 48. Rb7+ Kh6 49. Rb6 g3 50. Rxd6+ Kh5 51. Rd8 g2 52. Rh8+ Kg6 53. Rg8+ Kh7 54.
Rg3 Re1+ 55. Kd2 g1=Q 56. Rxg1 Rxg1 57. Kc3 Rg5 58. Kd4 Kg7 59. Kc5 Kf7 60. Kc6 Ke7 61. b4 Kd8 62. d4 Rg6+ 63. Kb7 Kd7 64. Kb8 Kd6 65. b5 axb5 66. a6 Kxd5 67. a7 Ra6 68. Kb7 Rxa7+ 69. Kxa7 b4 0-1

[Event "Early-Titled-Tuesday-Blitz-September-26-2023"]
[Site "Chess.com"]
[Date "2023.09.26"]
[Round "3"]
[White "Francisco_Ferrari"]
[Black "Kostya0705"]
[Result "0-1"]
[WhiteElo "2418"]
[BlackElo "2621"]
[TimeControl "180+1"]
[EndTime "8:29:34 PDT"]
[Termination "Kostya0705 won on time"]

1. d4 Nf6 2. Nf3 d5 3. e3 c5 4.
Be2 e6 5. O-O b6 6. b3 Bb7 7.
Bb2 Be7 8. c4 O-O 9. Nc3 cxd4 10. Nxd4 Nbd7 11. Rc1 Rc8 12. cxd5 Nxd5 13. Nxd5 Bxd5 14.
Ba6 Rxc1 15. Qxc1 Qa8 16. f3 Nc5 17. Bc4 Bb7 18. Rd1 Rc8 19. Qa1 Bg5 20. Kf2 a6 21. a4 Qb8 22. f4 Bf6 23. Nf3 Bxb2 24. Qxb2 b5 25. axb5 axb5 26. Be2 b4 27. Ne5 f6 28.
Nd7 Ne4+ 29. Kg1 Qc7 30. Bc4 Qc6 31. f5 Nc3 32. Rf1 Nd5 33. fxe6 Qxe6 34. Qd4 Qxd7 35. e4 Rd8 36. exd5 Qd6 37. Rd1 g6 38. Re1 Kg7 39.
Qa7 Rd7 40. Re6 Qf4 41. Qe3 Qxe3+ 42. Rxe3 Bxd5 43. Bxd5 Rxd5 44. Re4 Rb5 45. Kf2 f5 46. Rc4 Kf6 47. Ke3 Ke5 48. Kd3 Rd5+ 49. Ke3 Rb5 50. Rc7 h6 51. Rg7 Kf6 52. Rc7 Re5+ 53. Kd3 Re4 54.
Rc6+ Kg5 55. Rc7 Kh5 56. Rc6 g5 57. Rc5 Kg4 58. Rc6 h5 59. Rg6 h4 60. Rc6 h3 61.
gxh3+ Kxh3 62. Rh6+ Kg2 63. Rh5 Rg4 64. h3 Rg3+ 65. Kc4 f4 66. h4 f3 67. hxg5 f2 68.
Rh1 Kxh1 0-1

[Event "Early-Titled-Tuesday-Blitz-September-26-2023"]
[Site "Chess.com"]
[Date "2023.09.26"]
[Round "3"]
[White "BlitzWizard04"]
[Black "infinitegiantkiller"]
[Result "1-0"]
[WhiteElo "2638"]
[BlackElo "2444"]
[TimeControl "180+1"]
[EndTime "8:29:42 PDT"]
[Termination "BlitzWizard04 won on time"]

1. e4 c5 2. Nf3 Nc6 3. d4 cxd4 4. Nxd4 g6 5. c4 Bg7 6. Be3 Nf6 7. Nc3 d6 8. Be2 O-O 9. Qd2 a6 10. f3 Nxd4 11. Bxd4 Be6 12. b3 Rc8 13. O-O Nd7 14.
f4 Bxd4+ 15. Qxd4 Qb6 16. Qxb6 Nxb6 17. f5 Bd7 18. f6 exf6 19. Rxf6 Be6 20. Rd1 Rfd8 21.
Nd5 Bxd5 22. exd5 Kg7 23. Rdf1 Rc7 24. Bg4 Re7 25. h4 h5 26. Bh3 a5 27. c5 Nxd5 28.
Rxd6 Rxd6 29. cxd6 Re8 30. Rd1 Nf4 31. d7 Rd8 32.
Kh2 Nxh3 33. Kxh3 Kf6 34. Rd5 Ke6 35. Rxa5 Rxd7 36. Rb5 Kd6 37. a4 Kc6 38. Rb4 Rd3+ 39. g3 Rd7 40. Rc4+ Kd5 41. g4 hxg4+ 42. Kxg4 Ke5 43. Kg5 Ke6 44. Re4+ Kd5 45. Re1 Kc5 46. Re4 Kd5 47. Rf4 Ke6 48. Rf6+ Ke7 49. Rb6 Rc7 50.
Kh6 Kf8 51. b4 Rd7 52. Kg5 Ke7 53. a5 Rd5+ 54. Kf4 Rd7 55. Ke5 Kd8 56. b5 Kc7 57. Rf6 Re7+ 58. Kd5 Rd7+ 59. Kc5 Re7 60. b6+ Kd7 61. Kd5 Kc8 62. Rf1 Rd7+ 63. Ke5 Re7+ 64. Kf6 Re4 65. Kxf7 Rxh4 66. Rc1+ Kb8 67. Kxg6 Rg4+ 68.
Kf6 Rg8 69. Kf7 Rh8 70. Re1 Rh7+ 71. Kg8 1-0

[Event "Early-Titled-Tuesday-Blitz-September-26-2023"]
[Site "Chess.com"]
[Date "2023.09.26"]
[Round "3"]
[White "stepanosinovsky"]
[Black "CarlosjPineror"]
[Result "1/2-1/2"]
[WhiteElo "2343"]
[BlackElo "2585"]
[TimeControl "180+1"]
[EndTime "8:29:44 PDT"]
[Termination "Game drawn - insufficient material"]

1. Nf3 d5 2. g3 c6 3. Bg2 Nf6 4. O-O h6 5. d3 Bf5 6. Nbd2 Bh7 7. b3 e6 8. Bb2 Be7 9. c4 O-O 10. Rc1 Nbd7 11. Rc2 Ne8 12. Qa1 Bf6 13. Rfc1 Bxb2 14. Qxb2 Qf6 15. Qxf6 Nexf6 16. a3 Rfe8 17. b4 a6 18. Nb3 dxc4 19. Rxc4 e5 20. Na5 Rab8 21. e4 Re7 22. Nd2 Nb6 23. R4c2 Rd8 24. Bf1 Nc8 25. Ndb3 Na7 26. a4 Ne8 27. Be2 f5 28. f3 Kh8 29. Kf2 g6 30. Nc4 Bg8 31. Nba5 Bxc4 32.
Rxc4 Ng7 33. Rc5 Kg8 34. f4 exf4 35. gxf4 Ne6 36. Re5 Rde8 37. exf5 Nxf4 38. Rxe7 Rxe7 39. Bf1 gxf5 40. Rc5 Nd5 41. Bg2 Nxb4 42. Rxf5 Nxd3+ 43. Kg3 Re5 44. Rxe5 Nxe5 45. h4 b5 46. axb5 axb5 47.
Kf4 Nd3+ 48. Ke3 Nc5 49. Nxc6 Nxc6 50. Bxc6 b4 51. Kd4 Ne6+ 52. Ke5 Ng7 53. Kf6 Kh8 54. Bd5 Kh7 55. Be4+ Kh8 56. Kg6 h5 57. Bd5 Ne8 58.
Bb3 Nd6 59. Kxh5 Nb5 60. Kg6 Nd4 61. Bc4 b3 62. Bxb3 Nxb3 63. h5 Nc5 64. h6 Ne4 65. h7 Nc5 66. Kh6 Nd7 67. Kg6 Nb6 68. Kh6 Nd5 69. Kg6 Nc7 70. Kh6 Ne8 71. Kg6 Nc7 72. Kh6 Nb5 73. Kg6 Nd4 74. Kh6 Ne6 75.
Kg6 Nd8 76. Kh6 Ne6 77. Kg6 Nd4 78. Kh6 Nf3 79. Kg6 Ng5 80. Kh6 Nxh7 1/2-1/2

[Event "Early-Titled-Tuesday-Blitz-September-26-2023"]
[Site "Chess.com"]
[Date "2023.09.26"]
[Round "3"]
[White "Goryachkina"]
[Black "Haykoooo0o"]
[Result "1/2-1/2"]
[WhiteElo "2681"]
[BlackElo "2485"]
[TimeControl "180+1"]
[EndTime "8:29:45 PDT"]
[Termination "Game drawn by repetition"]

1. e4 c6 2. d4 d5 3. e5 c5 4. Nf3 e6 5. c3 Nc6 6. Be2 Nge7 7. O-O Ng6 8. a3 Be7 9. b4 cxd4 10. cxd4 O-O 11. Nc3 Bd7 12. Be3 Rc8 13. Rc1 a6 14.
Na4 Na7 15. Nc5 Bxc5 16. bxc5 Bb5 17. Bxb5 Nxb5 18. a4 Na7 19. Rb1 Qd7 20. Qb3 Rb8 21. Bd2 Nc6 22. Rfd1 Rfc8 23. Be1 Nge7 24. Qe3 Nd8 25. Rb4 Nec6 26. Rb6 Ne7 27. Qb3 Rc6 28. Rb4 Rcc8 29. Rb1 Nec6 30. Rb6 Qe7 31. h4 h6 32. Bd2 f6 33. exf6 Qxf6 34. Qe3 Rc7 35. Qf4 Rf7 36. Qg3 Rc8 37. Be3 Qf5 38. R1b2 Rcc7 39. Ne5 Nxe5 40. Qxe5 Qxe5 41. dxe5 Rcd7 42. f4 Nc6 43.
Bd2 g5 44. hxg5 hxg5 45. fxg5 Nxe5 46. Rxe6 Nc4 47. Rc2 Rf5 48. c6 bxc6 49. Rxc6 Nxd2 50. Rxd2 Rxg5 51. Rxa6 d4 52. Ra8+ Kg7 53. a5 d3 54.
a6 Ra5 55. a7 Raxa7 56. Rxa7 Rxa7 57. Rxd3 Ra6 58. Kf2 Rb6 59. Kf3 Ra6 60. Kf4 Rb6 61. Rd7+ Kg8 62. Kf5 Ra6 63. g4 Rb6 64. Re7 Ra6 65.
g5 Rb6 66. g6 Rb1 67. Rd7 Rf1+ 68. Ke6 Re1+ 69. Kf6 Rf1+ 70. Ke6 Re1+ 71. Kf6 Rf1+ 72. Ke6 1/2-1/2

[Event "Early-Titled-Tuesday-Blitz-September-26-2023"]
[Site "Chess.com"]
[Date "2023.09.26"]
[Round "3"]
[White "Zarinur"]
[Black "MikeSailer"]
[Result "0-1"]
[WhiteElo "2517"]
[BlackElo "2213"]
[TimeControl "180+1"]
[EndTime "8:29:48 PDT"]
[Termination "MikeSailer won by checkmate"]

1. e4 d5 2. exd5 Qxd5 3. Nc3 Qd6 4. d4 c6 5. Nf3 Bg4 6. h3 Bh5 7. g4 Bg6 8. Ne5 Nd7 9. f4 Nxe5 10. dxe5 Qxd1+ 11. Kxd1 O-O-O+ 12. Bd2 e6 13. Bg2 Bb4 14.
Kc1 Ne7 15. Rd1 Bxc3 16. Bxc3 Rxd1+ 17. Kxd1 Rd8+ 18. Ke1 Bxc2 19. Rc1 Bd3 20. Kf2 Nd5 21. Ba5 Rd7 22. Kg3 Ba6 23. Bd2 Nb6 24. Bb4 Rd3+ 25.
Bf3 Nc4 26. Kf2 Nxb2 27. Be2 Rxh3 28. Bxa6 bxa6 29. Rxc6+ Kb7 30. Rd6 Kc7 31. Ba5+ Kc8 32.
Rd8+ Kb7 33. Rd7+ Kc6 34. Rxf7 Kd5 35. Kg2 Re3 36. Rxg7 Ke4 37. Rxh7 Re2+ 38. Kf1 Kf3 39. Rh3+ Kxg4 40. Kxe2 Kxh3 41. Kf3 Nc4 42. Bb4 Kh4 43.
Be7+ Kh5 44. Ke4 Kg6 45. Bg5 a5 46. Kd4 Nb6 47. Kc5 Nd5 48. Kb5 Kf5 49. Kxa5 Nxf4 50. Bxf4 Kxf4 51. Ka6 Kxe5 52. Kxa7 Kd6 53. Kb6 e5 54. a4 e4 55. a5 e3 56. a6 e2 57. a7 e1=Q 58. a8=Q Qb1+ 59. Ka7 Kc7 60. Qd8+ Kxd8 61. Ka6 Kc7 62. Ka5 Qb3 63. Ka6 Qb6# 0-1

[Event "Early-Titled-Tuesday-Blitz-September-26-2023"]
[Site "Chess.com"]
[Date "2023.09.26"]
[Round "3"]
[White "ZeGood_ZeBad_ZeUgly"]
[Black "venturov"]
[Result "0-1"]
[WhiteElo "2258"]
[BlackElo "2458"]
[TimeControl "180+1"]
[EndTime "8:29:50 PDT"]
[Termination "venturov won by resignation"]

1. Nf3 Nf6 2. g3 b6 3. Bg2 Bb7 4. O-O e6 5. d3 c5 6. e4 d6 7.
Nbd2 Be7 8. Re1 Nbd7 9. Nf1 c4 10. h4 O-O 11. N1h2 Rc8 12. Nd2 cxd3 13. cxd3 Ne5 14. Ndf3 Nfd7 15. d4 Nxf3+ 16. Nxf3 Qc7 17. Bg5 Bxg5 18. hxg5 Qc2 19. Re2 Qxd1+ 20. Rxd1 Rc4 21. Kf1 Rfc8 22. Ke1 b5 23. Nh2 Rc2 24. Ng4 Nb6 25.
Ne3 R2c7 26. b3 a5 27. Rdd2 a4 28. Rc2 axb3 29. axb3 Kf8 30. Rxc7 Rxc7 31. Rc2 Rxc2 32. Nxc2 Ke7 33. Kd2 Kd7 34. Nb4 f6 35. gxf6 gxf6 36. Kd3 f5 37. f3 fxe4+ 38. fxe4 Nc8 39. Bh3 Ke7 40. d5 exd5 41. exd5 Nb6 42. Kd4 h6 43. Be6 Kf6 44. Nd3 Kg5 45. Ne1 h5 46.
Nf3+ Kg6 47. Nh4+ Kg5 48. Nf3+ Kf6 49. Nh4 Bc8 50. Bxc8 Nxc8 51. Kc3 Ne7 52. Kb4 Nxd5+ 53. Kxb5 Ke6 54. Kc6 Nb4+ 55. Kb5 Nc2 56. Kc4 Ke5 57. b4 d5+ 58. Kc5 d4 59. Nf3+ Ke4 60. Nd2+ Kd3 61.
Nb1 Ke3 62. b5 d3 63. b6 Nd4 64. b7 Ne6+ 65. Kd6 Ng5 66. b8=Q Ne4+ 67. Ke5 d2 68. Qb3+ Kf2 69. Nc3 Nxc3 70. Qc2 Ke2 71. Qxc3 d1=Q 72. Qc4+ Kf2 73. Qf4+ Kg2 74. Qh4 Qg4 75. Qxg4 hxg4 76.
Kf4 Kh3 77. Ke3 Kxg3 78. Ke2 Kg2 79. Ke1 Kh2 80. Kf2 g3+ 81. Kf1 g2+ 82. Kf2 g1=Q+ 0-1

[Event "Early-Titled-Tuesday-Blitz-September-26-2023"]
[Site "Chess.com"]
[Date "2023.09.26"]
[Round "3"]
[White "Kleyton_Lima"]
[Black "Vanina1989"]
[Result "0-1"]
[WhiteElo "2542"]
[BlackElo "2724"]
[TimeControl "180+1"]
[EndTime "8:29:51 PDT"]
[Termination "Vanina1989 won by resignation"]

1. e4 c6 2. d4 d5 3. e5 c5 4.
dxc5 e6 5. a3 Bxc5 6. b4 Be7 7.
Nf3 f6 8. Bb2 Nc6 9. Bd3 Nh6 10.
O-O Nf7 11. Re1 fxe5 12. Nxe5 Ncxe5 13. Bxe5 Nxe5 14. Rxe5 Bf6 15. Qh5+ g6 16. Bb5+ Kf7 17. Qf3 Kg7 18. Qe2 Rf8 19. c3 Bxe5 20. Qxe5+ Qf6 21. Qe2 e5 22. Nd2 e4 23. Rc1 Be6 24. Nb3 Rac8 25. Qd2 Rc7 26. Nd4 Bf7 27. a4 Rfc8 28. Bf1 h6 29. g3 Qg5 30. Qe1 a6 31.
Bh3 Re8 32. b5 e3 33. f4 Qf6 34. Bg2 Rc4 35. h4 Rxa4 36. bxa6 bxa6 37. Nf3 e2 38.
Ne5 Rxe5 39. fxe5 Qxe5 40. Rc2 Rg4 41. Rxe2 Qxg3 42. Qd1 Rxh4 43. Rf2 Rh1+ 44. Kxh1 Qxf2 45. Qa1 Qf6 46. Qa5 h5 47. Qc7 d4 48. cxd4 Qxd4 49. Qb7 a5 50. Qa6 a4 51. Kh2 Kh6 52. Qc6 Qf4+ 53.
Kh1 a3 54. Qa8 Qc1+ 55. Kh2 Kg7 56. Bd5 Qd2+ 57. Kh3 Qxd5 58. Qxa3 Qf5+ 59. Kh2 Qf4+ 60. Kh1 Bd5+ 61. Kg1 Qg4+ 62. Kf1 Qg2+ 63. Ke1 Qg1+ 64. Ke2 Bc4+ 65. Kd2 Qf2+ 66. Kd1 Qe2+ 67. Kc1 h4 68. Qc3+ Kh6 69. Qh3 Qe1+ 70. Kc2 Qf2+ 71. Kb1 Bd5 72. Qc8 Be4+ 73. Ka1 Qe1+ 74. Kb2 Qb1+ 75. Ka3 Qa1+ 76. Kb4 Qb2+ 77. Ka4 Qc2+ 78. Kb4 Qxc8 0-1

[Event "Early-Titled-Tuesday-Blitz-September-26-2023"]
[Site "Chess.com"]
[Date "2023.09.26"]
[Round "3"]
[White "ContrVersia"]
[Black "sonicdravise"]
[Result "1-0"]
[WhiteElo "2911"]
[BlackElo "2669"]
[TimeControl "180+1"]
[EndTime "8:29:58 PDT"]
[Termination "ContrVersia won by resignation"]

1. Nf3 c5 2. c4 Nc6 3. b3 e5 4.
Bb2 d6 5. Nc3 g6 6. g3 Bg7 7. d3 Nge7 8. Bg2 O-O 9. O-O h6 10.
Nd2 Be6 11. a3 d5 12. cxd5 Nxd5 13. Nc4 b6 14. Ne3 Nxc3 15. Bxc3 Rc8 16. b4 cxb4 17. axb4 Nd4 18. Bb2 Qd7 19. Nc4 Rfd8 20. e3 Nc6 21. b5 Nb4 22. Nxe5 Qxb5 23. Qa4 Qxa4 24. Rxa4 Nxd3 25. Nxd3 Rxd3 26. Bxg7 Kxg7 27. Rxa7 b5 28. Rb1 Rd2 29. Be4 Rb8 30. Rb4 Bh3 31. Ra1 Be6 32. Kg2 Bc4 33. Ra7 Rd1 34. g4 Rbd8 35. Rb2 R8d2 36. Rxd2 Rxd2 37. Rb7 Rb2 38. Kg3 b4 39. h4 b3 40. f4 Re2 41. Kf3 Rh2 42. Kg3 Rd2 43. Rc7 Bd5 44. Bxd5 Rxd5 45. Rb7 Rd3 46. Kf3 Rc3 47. Ke4 Kf6 48. g5+ hxg5 49.
hxg5+ Kg7 50. Kd4 Rc8 51. Rxb3 Rd8+ 52. Ke4 Re8+ 53. Kf3 Rh8 54. Rd3 Re8 55. e4 Rh8 56. Ke3 Re8 57. Rd7 Rh8 58. Kd4 Rh4 59. Ke5 Rh1 60.
Rd4 Ra1 61. f5 Ra5+ 62. Rd5 Ra4 63. f6+ Kg8 64. Rd8+ Kh7 65. Rf8 Ra5+ 66. Kd4 Rxg5 67. Rxf7+ Kg8 68. Rg7+ Kf8 69. e5 Rg1 70. Kd5 g5 71. Ke6 Ra1 72. Rb7 Ra6+ 73. Kf5 Ra5 74. Kg6 Rxe5 75. Rb8+ Re8 76. Rxe8+ Kxe8 77. Kg7 1-0

[Event "Early-Titled-Tuesday-Blitz-September-26-2023"]
[Site "Chess.com"]
[Date "2023.09.26"]
[Round "3"]
[White "LionTheLeon_06"]
[Black "Martial2008"]
[Result "1-0"]
[WhiteElo "2824"]
[BlackElo "2615"]
[TimeControl "180+1"]
[EndTime "8:30:01 PDT"]
[Termination "LionTheLeon_06 won by checkmate"]

1. e4 e5 2. Nf3 Nc6 3. Bc4 Nf6 4.
d3 h6 5. a3 d6 6. Nc3 g6 7. O-O Bg7 8. h3 O-O 9. Be3 Kh7 10. Re1 Nh5 11. d4 Qe8 12. Nd5 Qd8 13. Qd2 Be6 14. Bb3 Rc8 15. Rad1 exd4 16. Nxd4 Nxd4 17.
Bxd4 c6 18. Nc3 Bxb3 19. cxb3 Be5 20. b4 a6 21. g3 Qe7 22. Kg2 Bxd4 23. Qxd4 Rcd8 24.
Re3 Qe5 25. Red3 Qg5 26. Qe3 Qxe3 27. Rxe3 Rfe8 28. Red3 Re6 29. f4 f5 30. e5 d5 31.
h4 Ng7 32. Na4 Re7 33. Nc5 Ne6 34. Nxe6 Rxe6 35. Kf2 g5 36. hxg5 hxg5 37. Ke3 Kg6 38. Kd4 Rh8 39. Kc5 g4 40. Kb6 Re7 41. a4 Kf7 42. b5 axb5 43. axb5 Rh6 44. Rc3 Re8 45.
Kxb7 cxb5 46. Rc7+ Re7 47. Rxd5 Rh3 48. Rd3 Rh2 49.
b3 Rg2 50. Rxe7+ Kxe7 51. Kc6 b4 52. Kc5 Ke6 53. Kxb4 Ra2 54. Kc4 Ra8 55. b4 Rc8+ 56.
Kb3 Rb8 57. Rd6+ Ke7 58. Rd5 Ke6 59. Rc5 Rd8 60. b5 Rd3+ 61. Rc3 Rd4 62. b6 Ke7 63. b7 Rd1 64. Kb4 Rd8 65. Rc8 Rd1 66. b8=Q Rb1+ 67. Kc3 Rxb8 68. Rxb8 Ke6 69. Rf8 Kd5 70.
Rxf5 Ke4 71. Rg5 Kf3 72. e6 Kxg3 73. e7 Kxf4 74. Rxg4+ Kxg4 75. e8=Q Kg3 76. Qf7 Kg2 77. Qf4 Kh3 78. Qg5 Kh2 79. Qg4 Kh1 80. Kd2 Kh2 81.
Ke2 Kh1 82. Kf2 Kh2 83. Qh5# 1-0

[Event "Early-Titled-Tuesday-Blitz-September-26-2023"]
[Site "Chess.com"]
[Date "2023.09.26"]
[Round "3"]
[White "GKARU"]
[Black "Incognito_Knight"]
[Result "0-1"]
[WhiteElo "2493"]
[BlackElo "2752"]
[TimeControl "180+1"]
[EndTime "8:30:02 PDT"]
[Termination "Incognito_Knight won by checkmate"]

1. d4 d5 2. Nf3 Nf6 3. c4 e6 4. Bg5 a6 5. Nbd2 Be7 6. e3 O-O 7.
Qc2 h6 8. Bh4 Nbd7 9. Bd3 c5 10.
O-O dxc4 11. Nxc4 b5 12. Nce5 Bb7 13. Nxd7 Nxd7 14. Bxe7 Qxe7 15. Be4 Bxe4 16. Qxe4 Nf6 17. Qc2 c4 18. b3 Rfc8 19. Rfc1 Nd5 20. bxc4 Rxc4 21. Qb2 Rac8 22. Ne5 Rxc1+ 23. Rxc1 Qb7 24. h3 Rxc1+ 25. Qxc1 Qc7 26. Qa3 Qc3 27. Qxa6 Qe1+ 28. Kh2 Qxf2 29. Qxb5 Nxe3 30. Qb8+ Kh7 31. Qb1+ f5 32.
Qg1 Qf4+ 33. Kh1 Qxd4 34. Nf3 Qe4 35. Qa1 Nd5 36. a4 g5 37. a5 g4 38. hxg4 fxg4 39.
Nd2 Qe3 40. Qb1+ Kg7 41. Qb2+ Kg6 42. Nf1 Qf4 43. Qb1+ Kg7 44. a6 g3 45. Nxg3 Qxg3 46.
Qa1+ Kg6 47. a7 Qh4+ 48. Kg1 Nc7 49. Qb1+ Kg7 50. Qb2+ Kf7 51. Qc3 Qf4 52. Qh8 Qc1+ 53. Kh2 Qf4+ 54. Kh1 Qh4+ 55. Kg1 Qe1+ 56. Kh2 Qh4+ 57.
Kg1 Qf4 58. Qh7+ Kf6 59. Qh8+ Kg6 60. Qg8+ Kh5 61. Qg7 Qe3+ 62. Kh2 Qf4+ 63. Kg1 Qe3+ 64. Kh2 Qxa7 65. Kh3 Qe3+ 66. g3 Qf3 67. Qxc7 Qh1# 0-1

[Event "Early-Titled-Tuesday-Blitz-September-26-2023"]
[Site "Chess.com"]
[Date "2023.09.26"]
[Round "3"]
[White "lefonghua"]
[Black "sergoy"]
[Result "1/2-1/2"]
[WhiteElo "2622"]
[BlackElo "2911"]
[TimeControl "180+1"]
[EndTime "8:30:06 PDT"]
[Termination "Game drawn by repetition"]

1. d4 Nf6 2. c4 e6 3. Nc3 Bb4 4. f3 c5 5. a3 Bxc3+ 6. bxc3 Nc6 7. e4 d6 8. Ne2 O-O 9. Ng3 b6 10. Bd3 cxd4 11. cxd4 Nxd4 12. Bb2 e5 13. Bxd4 exd4 14. Be2 b5 15. Qxd4 bxc4 16. Bxc4 Qa5+ 17. Kf2 Ba6 18.
Bxa6 Qxa6 19. Rhd1 Rac8 20. Qxd6 Rc2+ 21. Kg1 Qc4 22. Qd4 Qa6 23. Rd2 Rxd2 24. Qxd2 Qb6+ 25.
Qf2 Qa5 26. Nf5 g6 27. Ne7+ Kg7 28. Qd4 Rd8 29. Nd5 Rd6 30. Qb4 Qxb4 31. axb4 Nxd5 32. exd5 Rxd5 33. Rxa7 Rd2 34. h4 Rd4 35. g3 Rxb4 36.
Kg2 Rb2+ 37. Kh3 h5 38. Ra6 Rb3 39. Kg2 Re3 40. Kf2 Re5 41. Rb6 Rc5 42. Ra6 Kf8 43. Ra7 Kg7 44. Ra6 Rc2+ 45. Kg1 Kf8 46. Ra7 Ke8 47.
Rb7 Ra2 48. Rc7 Rd2 49. Rb7 Rd7 50. Rb8+ Ke7 51. Rb6 Rd6 52. Rb7+ Ke6 53. Ra7 Rd2 54. Kf1 Rc2 55. Kg1 Kf6 56. Ra5 Re2 57. Kf1 Re5 58. Ra6+ Re6 59. Ra5 Rc6 60. Kg2 Ke6 61. Rb5 f6 62.
Ra5 Rc2+ 63. Kh3 Rf2 64. f4 Rd2 65. Rb5 Rd5 66. Rb8 Kf5 67. Rg8 Rd1 68. Rg7 Rh1+ 69.
Kg2 Ra1 70. Kf3 Ra2 71. Rg8 Ra7 72. Kg2 Ra1 73. Kf3 Ra2 74. Rg7 Rh2 75. Rg8 Rh1 76. Rg7 Rf1+ 77. Kg2 Rb1 78. Kf3 Rb5 79. Rg8 Ke6 80. Rg7 Rb3+ 81. Kg2 Kf5 82. Kh3 Rb8 83. Re7 Rd8 84. Rg7 Re8 85. Kg2 Re3 86.
Kh3 Re2 87. Rg8 Rb2 88. Rg7 Rb5 89.
Rg8 Ke6 90. Re8+ Kf7 91. Rc8 Ke6 92. Rg8 Kf5 93. Rg7 Rb2 94. Rg8 Re2 95. Rg7 Re8 96.
Kg2 Rd8 97. Kh3 Rd3 98. Kg2 Rd1 99. Kh3 Rg1 100. Kh2 Rf1 101. Kh3 Re1 102. Kg2 Re2+ 103. Kh3 Re8 1/2-1/2